 Dungeon Crawl Stone Soup version 0.30-a0-54-g2e61a25929 (webtiles) character file.

Game seed: 13505868786793932931

2948 Newt the Basher (level 9, -1/74 HPs)
             Began as a Yellow Draconian Monk on Sept 6, 2022.
             Was a Priest of Qazlal.
             Slain by an orc warrior
             ... wielding a +0 mace
              (10 damage)
             ... on level 7 of the Dungeon on Sept 7, 2022.
             The game lasted 00:12:17 (10356 turns).

Newt the Basher (Yellow Draconian Monk)            Turns: 10356, Time: 00:12:17

Health: -1/74      AC:  7    Str: 17    XL:     9   Next: 51%
Magic:  15/15      EV: 13    Int: 12    God:    Qazlal [***...]
Gold:   267        SH:  4    Dex: 13    Spells: 14/16 levels left

rFire   . . .      SeeInvis +    a - +0 mace
rCold   . . .      Faith    .    (no shield)
rNeg    . . .      Spirit   .    (body armour unavailable)
rPois   .          Reflect  .    (helmet restricted)
rElec   .          Harm     .    (no cloak)
rCorr   +          Rampage  .    (no gloves)
Will    .....                    (no boots)
Stlth   +.........               (no amulet)
HPRegen 0.22/turn                q - ring of see invisible
MPRegen 0.14/turn                (no ring)

@: wereblooded (expiring)
A: spit acid, AC +7, unfitting armour, cold-blooded, acid resistance, talons 1
a: Breathe Acid, Renounce Religion, Upheaval, Elemental Force


You were on level 7 of the Dungeon.
You worshipped Qazlal.
Qazlal was most pleased with you.
You visited 2 branches of the dungeon, and saw 8 of its levels.
You also visited: Sewer.

You collected 300 gold pieces.
You spent 33 gold pieces at shops.

Inventory:

Hand Weapons
 a - a +0 mace (weapon)
Jewellery
 k - a ring of ice
 q - a ring of see invisible (left hand)
Wands
 b - a wand of charming (8)
Scrolls
 d - a scroll of enchant weapon
 h - 2 scrolls of blinking
 j - 2 scrolls of fog
 m - a scroll of teleportation
 n - 2 scrolls of noise
Potions
 c - 2 potions of curing
 e - 3 potions of degeneration
 f - a potion of resistance
 g - a potion of mutation
 i - a potion of flight {unknown}
 l - a potion of attraction {unknown}
 o - a potion of heal wounds {unknown}
 p - a potion of invisibility {unknown}
 r - a potion of berserk rage {unknown}
 s - a potion of lignification {unknown}
 t - a potion of might


   Skills:
 - Level 5.0 Fighting
 - Level 10.0 Maces & Flails
 + Level 4.9 Dodging
 - Level 2.0 Stealth
 - Level 4.0 Spellcasting
 - Level 4.0 Transmutations
 - Level 4.0 Invocations


You had 14 spell levels left.
You knew the following spells:

 Your Spells              Type           Power      Damage    Failure   Level
a - Wereblood             Tmut           12%        N/A       6%          2

Your spell library contained the following spells:

 Spells                   Type           Power      Damage    Failure   Level
 Blink                    Tloc           4%         N/A       32%         2
 Scorch                   Fire           4%         2d5       32%         2
 Sublimation of Blood     Necr           2%         N/A       32%         2
 Ignite Poison            Fire/Tmut/Pois 5%         N/A       36%         3
 Conjure Flame            Conj/Fire      2%         6-21      54%         3
 Gell's Gravitas          Tloc           2%         N/A       54%         3
 Lesser Beckoning         Tloc           2%         N/A       54%         3
 Teleport Other           Tloc           2%         N/A       54%         3
 Flame Wave               Conj/Fire      2%         2d4       91%         4
 Olgreb's Toxic Radiance  Pois           2%         N/A       91%         4
 Sticky Flame             Conj/Fire      2%         2d3       91%         4
 Manifold Assault         Tloc           2%         N/A       99%         5
 Conjure Ball Lightning   Conj/Air       1%         3x3d6     100%        6
 Summon Cactus Giant      Summ           1%         N/A       100%        6
 Ozocubu's Refrigeration  Ice            1%         4d7       100%        7
 Summon Hydra             Summ           1%         N/A       100%        7
 Discord                  Hex            1%         N/A       100%        8
 Disjunction              Tloc           1%         N/A       100%        8
 Ignition                 Fire           1%         3d3       100%        8


Dungeon Overview and Level Annotations

Branches:
Dungeon (7/15)             Temple (1/1) D:4           Sewer (visited)

Altars:
Ashenzari
Cheibriados
Dithmenos
Elyvilon
Fedhas
Gozag
Kikubaaqudgha
Makhleb
Okawaru
Qazlal
Ru
Uskayaw
Wu Jian
Xom
Yredelemnul
Zin
The Shining One

Shops:
D:6 *


Innate Abilities, Weirdness & Mutations

You can spit globs of acid.
Your golden yellow scales are hard. (AC +7)
You cannot fit into any form of body armour.
You are cold-blooded and may be slowed by cold attacks.
You are resistant to acid. (rCorr)
You have sharp toenails.


Message History

The orc hits you with a +0 falchion.
* * * LOW HITPOINT WARNING * * *
Unknown command.
You hit the orc. You claw the orc.
You feel a bit better.
You kill the orc!
Qazlal accepts your kill. The orc warrior barely misses you.
Unknown command.
You barely miss the orc warrior. Your kick misses the orc warrior.
The orc warrior closely misses you.
You hit the orc warrior.
The orc warrior is moderately wounded.
The orc warrior hits you with a +0 mace.
* * * LOW HITPOINT WARNING * * *
Unknown command.
You completely miss the orc warrior.
You claw the orc warrior, but do no damage.
You tail-slap the orc warrior.
The orc warrior is heavily wounded.
The orc warrior hits you with a +0 mace.
* * * LOW HITPOINT WARNING * * *
Unknown command.
You closely miss the orc warrior.
You claw the orc warrior, but do no damage.
Your tail-slap misses the orc warrior.
The orc warrior is heavily wounded.
Your primal bloodlust is almost over.
The orc warrior hits you with a +0 mace.
* * * LOW HITPOINT WARNING * * *
You hit the orc warrior.
The orc warrior is heavily wounded.
You block the orc warrior's attack.
Unknown command.
You closely miss the orc warrior.
The orc warrior is heavily wounded.
Unknown command.
You hit the orc warrior.
The orc warrior is severely wounded.
The orc warrior hits you with a +0 mace!
You die...

###################
..................#
#################.#
#..#######
#.........
#..####### #@o#.
#))#.######
#.........
#.##.#... ........
...# ####.#
##.#K#.# #..#
...... .#o#.###..#
###### .#)K).....#
#.#####.###.##


You could see an orc warrior.

Vanquished Creatures
  Sigmund (D:2)
  A wyvern (D:5)
  A steam dragon (D:7)
  Menkaure (D:5)
  Duvessa (D:7)
  2 ice beasts (D:6)
  A sky beast (D:6)
  3 ogres
  A centaur (D:7)
  3 phantoms
  2 bullfrogs (Sewer)
  7 scorpions
  Dowan (D:7)
  4 jellies
  5 orc priests
  A gnoll bouda (D:4)
  3 hounds (D:5)
  2 iguanas
  4 orc wizards
  5 gnolls (D:4)
  14 adders
  A shadow imp (D:6)
  A white imp (D:6)
  2 ufetubi
  A worm (D:4)
  2 dart slugs
  13 orcs
  9 bats
  9 endoplasms
  9 giant cockroaches
  5 goblins (D:1)
  6 hobgoblins
  6 jackals
  10 kobolds
  6 quokkas
  16 ball pythons
  9 frilled lizards
  A rat (D:1)
169 creatures vanquished.

Vanquished Creatures (collateral kills)
  2 gnolls (D:4)
  An adder (Sewer)
  3 giant cockroaches (Sewer)
6 creatures vanquished.

Vanquished Creatures (others)
  A kobold (D:7)
  14 fungi (D:5)
  A plant (D:1)
16 creatures vanquished.

Grand Total: 191 creatures vanquished

Notes
Turn   | Place    | Note
-------+----------+-------------------------------------------
     0 | D:1      | Newt the Draconian Monk began the quest for the Orb.
     0 | D:1      | Reached XP level 1. HP: 19/19 MP: 1/1
   188 | D:1      | Reached XP level 2. HP: 23/27 MP: 2/2
   623 | D:1      | Found a faded altar of an unknown god.
  1030 | D:2      | Gained mutation: You have sharp toenails. [potion of
                  | mutation]
  1054 | D:2      | Reached XP level 3. HP: 7/34 MP: 3/3
  1948 | D:2      | Reached skill level 5 in Fighting
  1966 | D:2      | Noticed Sigmund
  1994 | D:2      | Killed Sigmund
  1995 | D:2      | Reached skill level 5 in Maces & Flails
  1995 | D:2      | Reached skill level 1 in Spellcasting
  1995 | D:2      | Reached XP level 4. HP: 23/42 MP: 3/5
  1995 | D:2      | Reached XP level 5. HP: 26/48 MP: 3/6
  2713 | D:3      | Found a glowing drain.
  2717 | Sewer    | Entered a sewer
  3045 | Sewer    | Reached XP level 6. HP: 54/56 MP: 9/9
  4144 | D:4      | Reached skill level 1 in Transmutations
  4322 | D:4      | Found a staircase to the Ecumenical Temple.
  4328 | D:4      | Your scales start taking on a golden yellow colour.
  4328 | D:4      | Reached XP level 7. HP: 60/61 MP: 13/13
  4328 | D:4      | Gained mutation: You are resistant to acid. (rCorr) [Yellow
                  | Draconian growth]
  4336 | Temple   | Entered the Ecumenical Temple
  4519 | Temple   | Became a worshipper of Qazlal Stormbringer
  4519 | Temple   | Reached * piety under Qazlal
  4519 | Temple   | Reached ** piety under Qazlal
  5027 | D:4      | Found a glowing golden altar of the Shining One.
  5722 | D:4      | Learned a level 2 spell: Wereblood
  5849 | D:4      | Reached skill level 1 in Invocations
  6249 | D:5      | Entered Level 5 of the Dungeon
  6291 | D:5      | Noticed Menkaure
  6295 | D:5      | Killed Menkaure
  6296 | D:5      | Reached XP level 8. HP: 61/68 MP: 11/14
  6555 | D:5      | Reached skill level 6 in Maces & Flails
  6965 | D:5      | Reached skill level 7 in Maces & Flails
  7100 | D:5      | Reached skill level 8 in Maces & Flails
  7100 | D:5      | Reached *** piety under Qazlal
  7890 | D:6      | Reached skill level 9 in Maces & Flails
  7998 | D:6      | Reached XP level 9. HP: 71/74 MP: 15/15
  8046 | D:6      | Found a stormy altar of Qazlal.
  8048 | D:6      | Found a glowing silver altar of Zin.
  8048 | D:6      | Found a shimmering blue altar of Sif Muna.
  8050 | D:6      | Found a shadowy altar of Dithmenos.
  8050 | D:6      | Found a shimmering altar of Xom.
  8050 | D:6      | Found a shimmering altar of Xom.
  8705 | D:6      | Found Meiciam's Assorted Antiques.
  8708 | D:6      | Bought a scroll labelled ROUT RUBBIKO for 33 gold pieces
  8913 | D:6      | Reached skill level 10 in Maces & Flails
  8913 | D:6      | Upgraded the game from 0.30-a0-52-g86a8295270 to
                  | 0.30-a0-54-g2e61a25929
  9387 | D:7      | Noticed Dowan
  9391 | D:7      | Noticed Duvessa
  9399 | D:7      | Killed Dowan
  9405 | D:7      | Killed Duvessa
  9745 | D:7      | Found a glowing silver altar of Zin.
 10356 | D:7      | Slain by an orc warrior

Illustrated notes

Levels and vault maps discovered:
D:1:      ebering_trefoil_3fold, layout_basic,
          dreamdust_ecumenical_altar_hidden_monk_grotto
D:2:      layout_basic, serial_corexii_hall, corexii_hall_statues_x,
          chequers_hall_statues_corner_a, chequers_hall_statues_y,
          chequers_hall_statues_wall_a, uniq_sigmund
D:3:      layout_loops_ring, gup_sewer_entry_bowl
D:4:      minmay_evil_eye, layout_basic, mainiacjoe_overflow_24_doors,
          minmay_temple_entry_proselytizer
D:5:      old_forge, layout_gridville, uniq_menkaure
D:6:      layout_basic, doesnt_xom_only_xom, serial_shops, kennysheep_mini_moat,
          minmay_misc_feat_pillars
D:7:      layout_basic, nicolae_overflow_crystal_walls,
          mainiacjoe_overflow_cross_hatched, serial_shops,
          nicolae_shop_hallway_stairs, uniq_duvessa
Temple:   nicolae_temple_bog_church

Skill      XL: |  1  2  3  4  5  6  7  8  9 |
---------------+----------------------------+-----
Stealth        | 2 |  2.0
Fighting       | 4 5 |  5.0
Maces & Flails | 5 9 10 | 10.0
Spellcasting   | 1 2 4 |  4.0
Transmutations | 1 4 |  4.0
Invocations    | 4 |  4.0
Dodging        | 4 |  4.9

Action                   |  1- 3 |  4- 6 |  7- 9 || total
-------------------------+-------+-------+-------++-------
Melee: Mace              |   101 |   152 |   421 ||   674
       Tailslap          |    12 |    20 |    66 ||    98
       Kick              |     8 |    32 |   127 ||   167
       Punch             |     1 |     1 |     3 ||     5
 Cast: Wereblood         |       |       |     7 ||     7
Evoke: Wand              |       |     3 |       ||     3
  Use: Scroll            |     6 |     2 |     9 ||    17
       Potion            |     2 |       |       ||     2
 Stab: Sleeping          |     4 |     6 |       ||    10
       Distracted        |       |     1 |       ||     1
Armor: Skin              |    50 |    67 |   118 ||   235
Dodge: Dodged            |    84 |   107 |   219 ||   410
Block: Other             |       |       |    55 ||    55

Table legend: (Time is in decaauts)
 A = Elapsed time spent in this place.
 B = Non-inter-level travel time spent in this place.
 C = Inter-level travel time spent in this place.
 D = Time resting spent in this place.
 E = Time spent auto-exploring this place.
 F = Levels seen in this place.
 G = Mean time per level.
                   A        B        C        D        E       F      G
               +--------+--------+--------+--------+--------+-----+--------+
         Total |  10482 |  10303 |    179 |   3072 |   5754 |   9 | 1164.7 |
       Dungeon |   9697 |   9547 |    150 |   2864 |   5440 |   7 | 1385.3 |
        Temple |    197 |    169 |     28 |      0 |    156 |   1 |  197.0 |
         Sewer |    587 |    587 |      0 |    208 |    158 |   1 |  587.0 |
               +--------+--------+--------+--------+--------+-----+--------+

Top non-repeatable levels by time:
     D:4: 1975 daAuts
     D:2: 1622 daAuts
     D:5: 1579 daAuts
     D:6: 1516 daAuts
     D:1: 1028 daAuts
     D:7: 1007 daAuts
     D:3: 966 daAuts
   Sewer: 587 daAuts
  Temple: 197 daAuts
